 Dungeon Crawl Stone Soup version 0.29-a0-323-g050149af67 (webtiles) character file.

Game seed: 4095404289660913228

358 Flugslaktarn the Stinger (level 6, -2/41 HPs)
             Began as a Human Venom Mage on Apr 11, 2022.
             Slain by a gnoll
             ... wielding a +0 flail
              (6 damage)
             ... on level 3 of the Dungeon.
             The game lasted 00:09:14 (1672 turns).

Flugslaktarn the Stinger (Human Venom Mage)         Turns: 1672, Time: 00:09:15

Health: -2/41      AC:  3    Str:  9    XL:     6   Next: 97%
Magic:  7/10       EV: 12    Int: 23    God:
Gold:   239        SH:  0    Dex: 13    Spells: 1/11 levels left

rFire   . . .      SeeInvis .   c - +0 dagger (venom)
rCold   + . .      Faith    .   (no shield)
rNeg    . . .      Spirit   .   a - +0 robe
rPois   .          Reflect  .   (no helmet)
rElec   .          Harm     +   d - scarf {harm}
rCorr   .          Rampage  .   m - +0 pair of gloves
Will    .....                   (no boots)
Stlth   ++........              (no amulet)
HPRegen 0.13/turn               e - +6 ring of intelligence
MPRegen 0.12/turn               p - ring of protection from cold

@: lethally poisoned (-2 -> -5), about to teleport
A: no striking features
a: no special abilities


You were on level 3 of the Dungeon.
You visited 1 branch of the dungeon, and saw 5 of its levels.

You collected 239 gold pieces.

Inventory:

Hand Weapons
 c - a +0 dagger of venom (weapon)
   (You took it off a goblin on level 1 of the Dungeon)
 o - a +0 morningstar
   (You took it off an orc on level 4 of the Dungeon)
Armour
 a - a +0 robe (worn)
 d - a scarf of harm (worn)
   (You found it on level 1 of the Dungeon)
 m - a +0 pair of gloves (worn)
   (You found it on level 2 of the Dungeon)
 x - a +0 kite shield
   (You found it on level 5 of the Dungeon)
Jewellery
 e - a +6 ring of intelligence (left hand)
   (You found it on level 1 of the Dungeon)
 p - a ring of protection from cold (right hand)
   (You found it on level 3 of the Dungeon)
 v - a ring of resist corrosion
   (You found it on level 3 of the Dungeon)
Wands
 q - a wand of mindburst (33)
   (You found it on level 5 of the Dungeon)
Scrolls
 f - a scroll of summoning {unknown}
 g - a scroll of fog {unknown}
 h - a scroll of noise {unknown}
 i - a scroll of silence {unknown}
 j - a scroll of torment {unknown}
 k - a scroll of amnesia {unknown}
 l - a scroll of enchant weapon {unknown}
 n - a scroll of identify {unknown}
 s - a scroll of immolation {unknown}
Potions
 b - a potion of magic
 r - a potion of flight
 u - a potion of curing {unknown}
 w - a potion of might {unknown}


   Skills:
 - Level 2.0 Dodging
 - Level 2.0 Stealth
 - Level 3.0 Spellcasting
 - Level 2.0 Conjurations
 - Level 2.0 Transmutations
 - Level 1.0 Air Magic
 + Level 5.9 Poison Magic


You had one spell level left.
You knew the following spells:

 Your Spells              Type           Power      Damage    Failure   Level
a - Sting                 Tmut/Pois      84%        1d7       2%          1
b - Poisonous Vapours     Pois/Air       38%        N/A       4%          2
c - Mephitic Cloud        Conj/Pois/Air  17%        N/A       11%         3
d - Olgreb's Toxic Radia  Pois           30%        N/A       10%         4

Your spell library contained the following spells:

 Spells                   Type           Power      Damage    Failure   Level
 Fireball                 Conj/Fire      4%         3d4       91%         5
 Starburst                Conj/Fire      4%         6d3       100%        6
 Ignition                 Fire           1%         3d3       100%        8


Dungeon Overview and Level Annotations

Branches:
Dungeon (5/15)
 Temple: D:4-7

Altars:

Shops:
D:3 (   D:4 :

Annotations:
D:4 exclusion: wight, Dowan, Duvessa


Message History

The jelly hits you but does no damage.
Casting: Sting (safe; 2% risk of failure)
Confirm with . or Enter, or press ? or * to list all spells.
Aiming: Sting (safe; 2% risk of failure)
Press: ? - help, Shift-Dir - straight line, f/p - jelly
Aim: a jelly (almost dead, very poisoned, 100% to hit)
The sting hits the jelly.
The jelly partially resists.
You kill the jelly!
An orc comes into view. It is wielding a +0 morningstar.
Found 24 stones, a short sword, a wand of mindburst (12) and 17 gold pieces.
Casting: Sting (safe; 2% risk of failure)
Confirm with . or Enter, or press ? or * to list all spells.
Aiming: Sting (safe; 2% risk of failure)
Press: ? - help, Shift-Dir - straight line, f - orc
Aim: an orc, wielding a +0 morningstar and wearing a +0 scale mail (asleep, 100% to hit)
The sting hits the orc.
The orc is poisoned.
The orc is severely wounded.
The orc shouts!
Casting: Sting (safe; 2% risk of failure)
Confirm with . or Enter, or press ? or * to list all spells.
Aiming: Sting (safe; 2% risk of failure)
Press: ? - help, Shift-Dir - straight line, f/p - orc
Aim: an orc, wielding a +0 morningstar and wearing a +0 scale mail (severely wounded, poisoned, 79% to hit)
The sting hits the orc.
The orc looks even sicker.
The orc is severely wounded.
You kill the orc!
A quokka comes into view.
Casting: Sting (safe; 2% risk of failure)
Confirm with . or Enter, or press ? or * to list all spells.
You can't see any susceptible monsters within range! (Use Z to cast anyway.)
Things that are here:
a +0 morningstar; a +0 scale mail
Casting: Sting (safe; 2% risk of failure)
Confirm with . or Enter, or press ? or * to list all spells.
Aiming: Sting (safe; 2% risk of failure)
Press: ? - help, Shift-Dir - straight line, f - quokka
Aim: a quokka (67% to hit)
The sting misses the quokka.
Casting: Sting (safe; 2% risk of failure)
Confirm with . or Enter, or press ? or * to list all spells.
Aiming: Sting (safe; 2% risk of failure)
Press: ? - help, Shift-Dir - straight line, f/p - quokka
Aim: a quokka (67% to hit)
The sting hits the quokka.
The quokka is poisoned.
The quokka is moderately wounded.
The quokka bites you.
Casting: Sting (safe; 2% risk of failure)
Confirm with . or Enter, or press ? or * to list all spells.
Aiming: Sting (safe; 2% risk of failure)
Press: ? - help, Shift-Dir - straight line, f/p - quokka
Aim: a quokka (moderately wounded, poisoned, 67% to hit)
The sting hits the quokka.
The quokka looks even sicker.
You kill the quokka!
o - a +0 morningstar You see here a +0 short sword.
q - a wand of mindburst (33) (gained 12 charges)
You now have 239 gold pieces (gained 17).
An orc comes into view. It is wielding a +0 short sword.
The orc shouts!
Casting: Sting (safe; 2% risk of failure)
Confirm with . or Enter, or press ? or * to list all spells.
Aiming: Sting (safe; 2% risk of failure)
Press: ? - help, Shift-Dir - straight line, f - orc
Aim: an orc, wielding a +0 short sword and wearing a +0 leather armour (76% to hit)
The sting hits the orc.
The orc is poisoned.
The orc is moderately wounded.
You see here a +0 scale mail.
You kill the orc!
You see here a +0 scale mail.
Things that are here:
a +0 short sword; a +0 leather armour You see here a +0 short sword.
Found a stone staircase leading up.
There is a stone staircase leading up here.
You climb upwards.
The gnoll shouts! x3; The adder hisses angrily. x2; The goblin shouts!
The gnoll shouts! x3
The gnoll closely misses you. x2; The gnoll barely misses you.
The gnoll completely misses you.
There is a stone staircase leading down here.
As you read the scroll of teleportation, it crumbles to dust.
You feel strangely unstable. The adder bites you.
You are poisoned.
The adder poisons you! The gnoll closely misses you.
The gnoll hits you with a +0 flail!
The gnoll hits you from afar with a +0 halberd.
The gnoll hits you with a +0 flail.
* * * LOW HITPOINT WARNING * * *
Unknown command.
The adder attacks as you move away! The adder barely misses you.
You feel sick. The gnoll hits you with a +0 flail.
* * * LOW HITPOINT WARNING * * *
Unknown command.
The gnoll attacks as you move away! The gnoll completely misses you.
* * * LOW HITPOINT WARNING * * *
You feel sick.
Unknown command.
The adder attacks as you move away! The adder closely misses you.
The gnoll attacks as you move away! The gnoll hits you with a +0 flail.
You die...

##### ...#
#######'#########
##
.................
. #....gS@.#
#....gSgg#...
#...gggg.'....
#........#....
#........#####
#......####
#......# #
.'......# #
##......# #


You could see 7 gnolls, 2 adders and a goblin.

Vanquished Creatures
  An ogre (D:4)
  A scorpion (D:5)
  A hound (D:4)
  A jelly (D:4)
  Jessica (D:2)
  4 adders
  An ufetubus (D:4)
  A worm (D:4)
  2 dart slugs (D:3)
  4 orcs
  9 ball pythons
  2 endoplasms
  6 giant cockroaches
  3 goblins (D:1)
  6 hobgoblins
  4 jackals (D:3)
  5 quokkas
  3 bats
  A frilled lizard (D:1)
  11 kobolds
  7 rats
74 creatures vanquished.

Vanquished Creatures (others)
  11 plants (D:2)
11 creatures vanquished.

Grand Total: 85 creatures vanquished

Notes
Turn   | Place    | Note
-------+----------+-------------------------------------------
     0 | D:1      | Flugslaktarn the Human Venom Mage began the quest for the
                  | Orb.
     0 | D:1      | Reached XP level 1. HP: 13/13 MP: 3/3
    68 | D:1      | Reached XP level 2. HP: 8/19 MP: 0/5
   411 | D:2      | Reached XP level 3. HP: 16/24 MP: 0/7
   489 | D:2      | Learned a level 2 spell: Poisonous Vapours
   493 | D:2      | Learned a level 3 spell: Mephitic Cloud
   582 | D:2      | Noticed Jessica
   594 | D:2      | Killed Jessica
   595 | D:2      | Reached skill level 1 in Conjurations
   595 | D:2      | Reached skill level 1 in Air Magic
   595 | D:2      | Reached XP level 4. HP: 23/30 MP: 0/8
   787 | D:3      | Found Pavuciac's Weapon Shop.
   819 | D:3      | Reached XP level 5. HP: 35/35 MP: 7/9
  1025 | D:4      | Found Nioxeirph's Book Shoppe.
  1245 | D:4      | Learned a level 4 spell: Olgreb's Toxic Radiance
  1273 | D:5      | Entered Level 5 of the Dungeon
  1299 | D:5      | Noticed a wyvern
  1310 | D:5      | Reached skill level 4 in Poison Magic
  1310 | D:5      | Reached XP level 6. HP: 27/41 MP: 7/10
  1362 | D:4      | Noticed Duvessa
  1366 | D:4      | Noticed Dowan
  1471 | D:4      | Noticed an ogre
  1480 | D:4      | Killed an ogre
  1481 | D:4      | Reached skill level 5 in Poison Magic
  1672 | D:3      | Slain by a gnoll

Illustrated notes

Levels and vault maps discovered:
D:1:      dpeg_arrival_prison, layout_rooms
D:2:      cheibrodos_old_hovel, layout_loops_cross, minmay_stone_trees_small,
          lexackson_kobold_supper, uniq_jessica
D:3:      layout_basic, serial_shops, shop_statue,
          chequers_serial_rivers_micro_a, serial_park_tiny_pond
D:4:      minmay_inner_zag, layout_basic, serial_shops, shop, uniq_duvessa
D:5:      layout_basic, minmay_temple_entry_sparse_star

Skill      XL: |  1  2  3  4  5  6 |
---------------+-------------------+-----
Transmutations | 2 |  2.0
Spellcasting   | 3 |  3.0
Conjurations   | 1 2 |  2.0
Air Magic      | 1 |  1.0
Poison Magic   | 4 5 |  5.9
Dodging        | |  2.0
Stealth        | |  2.0

Action                   |  1- 3 |  4- 6 || total
-------------------------+-------+-------++-------
Melee: Unarmed           |    10 |       ||    10
       Dagger            |    11 |    39 ||    50
 Cast: Sting             |    43 |    71 ||   114
       Mephitic Cloud    |       |     1 ||     1
Evoke: Wand              |       |     1 ||     1
  Use: Scroll            |       |     5 ||     5
       Potion            |       |     3 ||     3
Armor: Robe              |    10 |    16 ||    26
Dodge: Dodged            |    32 |    51 ||    83

Table legend: (Time is in decaauts)
 A = Elapsed time spent in this place.
 B = Non-inter-level travel time spent in this place.
 C = Inter-level travel time spent in this place.
 D = Time resting spent in this place.
 E = Time spent auto-exploring this place.
 F = Levels seen in this place.
 G = Mean time per level.
                   A        B        C        D        E       F      G
               +--------+--------+--------+--------+--------+-----+--------+
         Total |   1674 |   1674 |      0 |      0 |      0 |   5 |  334.8 |
       Dungeon |   1674 |   1674 |      0 |      0 |      0 |   5 |  334.8 |
               +--------+--------+--------+--------+--------+-----+--------+

Top non-repeatable levels by time:
     D:4: 483 daAuts
     D:1: 391 daAuts
     D:2: 362 daAuts
     D:3: 305 daAuts
     D:5: 131 daAuts
